 Dungeon Crawl Stone Soup version 0.17.1-3-g152610e (webtiles) character file.

14164 Jerry the Blocker (level 12, -3/84 HPs)
             Began as a Formicid Fighter on Mar 23, 2016.
             Was a High Priest of Okawaru.
             Slain by Rupert
             ... wielding a +3 great mace of protection
              (24 damage)
             ... on level 4 of the Orcish Mines.
             The game lasted 01:23:57 (12472 turns).

Jerry the Blocker (Formicid Fighter)               Turns: 12472, Time: 01:23:57

Health: -3/84      AC: 22    Str: 24    XL:     12   Next: 41%
Magic:  10/12      EV: 13    Int:  8    God:    Okawaru [*****.]
Gold:   1021       SH: 24    Dex: 10    Spells: 0 memorised, 11 levels left

rFire  + + .     SeeInvis +     G - +2 long sword (elec)
rCold  + . .     Clarity  .     x - +2 ring mail {rPois}
rNeg   . . .     SustAt   .     D - +2 large shield {rF+}
rPois  +         Gourm    .     (helmet unavailable)
rElec  .         Spirit   .     s - +1 cloak
rCorr  .         Warding  .     z - +0 pair of gloves
rMut   .         Stasis   +     r - +1 pair of boots
MR     +++..                    i - amulet of regeneration
Stlth  ++........               (no ring)
                                f - ring of protection from cold

@: heroism, drained, extremely resistant to hostile enchantments, unstealthy
A: permanent stasis, dig shafts and tunnels, four strong arms, antennae 3,
iridescent scales 1, breathe flames 1, fire resistance 1, magic resistance 2,
weak 1
a: Dig, Shaft Self, Heroism, Renounce Religion, Breathe Fire


You were on level 4 of the Orcish Mines.
You worshipped Okawaru.
Okawaru was extremely pleased with you.
You were not hungry.

You visited 2 branches of the dungeon, and saw 14 of its levels.
You also visited: Ossuary.

You collected 1021 gold pieces.

Inventory:

Hand Weapons
 l - the +1 dagger of Beeneymp {elec, rPois rC++ MR- Str+4}
   (You found it on level 5 of the Dungeon)

   Occasionally, upon striking a foe, it will discharge some electrical energy
   and cause terrible harm.
   It affects your strength (+4).
   It greatly protects you from cold.
   It protects you from poison.
   It affects your resistance to hostile enchantments.
 m - a +0 great sword
 A - a +2 falchion of flaming
 G - a +2 long sword of electrocution (weapon)
Armour
 c - a +0 shield
 r - a +1 pair of boots (worn)
 s - a +1 cloak (worn)
 x - a +2 ring mail of poison resistance (worn)
 y - the +2 scale mail "Gegaot" {rC+}
   (You took it off a gnoll sergeant on level 6 of the Dungeon)

   It protects you from cold.
 z - a +0 pair of gloves (worn)
 D - a +2 large shield of fire resistance (worn)
 F - a +1 ring mail of cold resistance
Jewellery
 f - a ring of protection from cold (left hand)
 i - an amulet of regeneration (around neck)
Wands
 b - a wand of polymorph (8)
 n - a wand of fireball (15)
 q - a wand of confusion (9)
 H - a wand of magic darts (15)
 J - a wand of draining (7)
 O - a wand of magic darts (2)
 Q - a wand of magic darts (24)
Scrolls
 a - 2 scrolls of fog
 g - 2 scrolls of remove curse
 t - a scroll of identify
 C - a scroll of amnesia
Potions
 d - 4 potions of poison {unknown}
 k - 2 potions of cancellation
 p - a potion of lignification {unknown}
 v - 3 potions of heal wounds
 w - 2 potions of magic {unknown}
 B - a potion of flight {unknown}
 L - a potion of curing {unknown}
 N - a potion of invisibility {unknown}
 P - a potion of brilliance {unknown}
Books
 R - a book of Minor Magic

   Spells                             Type                      Level
   a - Magic Dart                     Conjuration                  1
   b - Blink                          Translocation                2
   c - Call Imp                       Summoning                    2
   d - Repel Missiles                 Charms/Air                   2
   e - Slow                           Hexes                        2
   f - Conjure Flame                  Conjuration/Fire             3
   g - Mephitic Cloud                 Conjuration/Poison/Air       3
Comestibles
 e - 6 bread rations
 h - 6 meat rations
 j - 3 chunks of flesh
 o - 13 fruits
 u - 2 beef jerkies
 E - 6 slices of pizza


   Skills:
 - Level 4.7(9.6) Fighting
 + Level 11.1(16.0) Long Blades
 + Level 12.4(17.2) Armour
 + Level 13.1(18.0) Shields


You had 11 spell levels left.
You didn't know any spells.

Dungeon Overview and Level Annotations

Branches:
Dungeon (10/15)            Temple (0/1) D:4             Orc (4/4) D:10
    Elf (0/3) Orc:4
   Lair: D:8-11

Altars:
Ashenzari
Dithmenos
Fedhas
Gozag
Okawaru
Xom
The Shining One
Beogh

Shops:
Orc:4 ??:}

Annotations:
Orc:4 Rupert


Innate Abilities, Weirdness & Mutations

You are under a permanent stasis effect.
You can dig through walls and to a lower floor.
Your four strong arms can wield two-handed weapons with a shield.
You have a pair of large antennae on your head (SInv).
You are partially covered in iridescent scales (AC +4).
You can breathe flames.
Your flesh is heat resistant.
You are highly resistant to hostile enchantments.
You are weak. (Str -2)


Message History

You block the orc's attack. Rupert barely misses you.
You block the orc's attack. The orc barely misses you.
You hit Rupert.
There is a sudden explosion of sparks!
Rupert is moderately wounded.
You block Rupert's attack. You block the orc's attack.
You block the orc's attack.
You hit Rupert.
There is a sudden explosion of sparks!
Rupert is heavily wounded.
You block the orc's attack.
Rupert hits you with a great mace of protection!!
* * * LOW HITPOINT WARNING * * *
The orc hits you but does no damage. You block the orc's attack.
You are too injured to fight recklessly!
You are too injured to fight recklessly!
Drink which item? (? for menu, Esc to quit)
Okay, then.
You gain the combat prowess of a mighty hero.
You feel slightly more hungry. You block the orc's attack.
Rupert hits you with a great mace of protection!!
You die...

#..............#...#))
#..............#####[.
#..............#.8....
##.............#∩.....
#.............#.8....
##.............#######
#.............. ...
#.....o...... ...
#...∩@)...... ...
##...@oo..... ..
#...........
#...........
#............
#............
#......$.....
##...........


You could see Rupert (berserk) and 3 orcs.

Vanquished Creatures
  A hydra (D:8)
  Erolcha (D:8)
  An orc high priest (Orc:4)
  The ghost of Gargoyl the Covered, a novice DsAK of Lugonu (D:5)
  3 orc sorcerers (Orc:4)
  The ghost of Kiel97 the Ducker, a novice TeMo of Okawaru (D:6)
  2 trolls
  A deep elf mage (Orc:1)
  Eustachio (D:6)
  10 yaks
  A hippogriff (D:9)
  The ghost of Gargoyl the Skirmisher, an amateur DsAK of Lugonu (D:4)
  3 hungry ghosts
  A warg (Orc:2)
  A sky beast (D:10)
  6 ogres
  A swamp drake (Orc:1)
  5 centaurs
  An eye of draining (D:8)
  15 orc warriors
  A necrophage (D:8)
  An ice beast (D:9)
  5 phantoms
  3 big kobolds (D:8)
  9 giant frogs
  A crocodile (D:10)
  A gnoll sergeant (D:6)
  A scorpion (D:9)
  A wyvern skeleton (D:8)
  13 wights
  14 orc priests
  6 crimson imps
  A wasp zombie (D:7)
  An iron imp (Orc:1)
  A giant frog zombie (D:5)
  7 hounds
  2 centaur skeletons
  A jelly (D:8)
  An iguana (D:5)
  17 orc wizards
  A giant frog skeleton (D:5)
  6 worker ants
  2 sheep (D:8)
  A killer bee zombie (D:6)
  3 hound zombies
  A mummy (D:4)
  A worker ant zombie (D:5)
  12 adders
  14 gnolls
  3 shadow imps
  A white imp (Orc:1)
  2 oozes
  An adder zombie (D:7)
  2 worms
  2 adder skeletons
  10 giant geckos
  99 orcs
  6 bats
  8 giant cockroaches
  10 goblins
  5 hobgoblins
  A giant gecko skeleton (D:4)
  6 giant newts
  11 jackals
  A jackal skeleton (D:6)
  5 kobolds
  A kobold zombie (D:4)
  An orc zombie (D:4)
  4 quokkas
  8 rats
  A rat zombie (Ossuary)
373 creatures vanquished.

Vanquished Creatures (others)
  A deep elf mage (Orc:1)
  An orc priest (Orc:4)
  4 toadstools (D:1)
6 creatures vanquished.

Grand Total: 379 creatures vanquished

Notes
Turn   | Place    | Note
--------------------------------------------------------------
     0 | D:1      | Jerry the Formicid Fighter began the quest for the Orb.
     0 | D:1      | Reached XP level 1. HP: 18/18 MP: 1/1
    34 | D:1      | Reached XP level 2. HP: 12/24 MP: 2/2
   615 | D:1      | Reached XP level 3. HP: 29/29 MP: 3/3
   911 | D:2      | Reached skill level 4 in Shields
   958 | D:2      | Reached XP level 4. HP: 37/37 MP: 4/4
   990 | D:2      | Found an iron altar of Okawaru.
  1817 | D:2      | Reached XP level 5. HP: 15/42 MP: 5/5
  2238 | D:2      | Found an opulent altar of Gozag.
  2240 | D:2      | Became a worshipper of Warmaster Okawaru
  2242 | D:2      | Found a glowing golden altar of the Shining One.
  2245 | D:2      | Found a shimmering altar of Xom.
  2971 | D:3      | Reached XP level 6. HP: 46/49 MP: 6/6
  3379 | D:4      | Found a sand-covered staircase.
  3484 | Ossuary  | Entered an ossuary
  3502 | Ossuary  | Reached skill level 5 in Shields
  4001 | D:4      | Reached XP level 7. HP: 29/55 MP: 7/7
  4211 | D:4      | Reached skill level 5 in Armour
  4533 | D:4      | Noticed Gargoyl's ghost (amateur DsAK)
  4710 | D:4      | Found a staircase to the Ecumenical Temple.
  4757 | D:4      | Found a shadowy altar of Dithmenos.
  5198 | D:5      | Entered Level 5 of the Dungeon
  5223 | D:5      | Got a bloodstained dagger
  5224 | D:5      | Identified the cursed +1 dagger of Beeneymp {elec, rPois rC++ MR- Str+4} (You found it on level 5 of the Dungeon)
  5429 | D:5      | Reached * piety under Okawaru
  5429 | D:5      | Reached skill level 6 in Shields
  5561 | D:5      | Reached XP level 8. HP: 61/61 MP: 8/8
  5759 | D:5      | Reached skill level 5 in Long Blades
  5792 | D:5      | Found a shattered altar of Ashenzari.
  5813 | D:5      | Noticed Gargoyl's ghost (novice DsAK)
  5832 | D:5      | Killed Gargoyl's ghost
  5832 | D:5      | Reached ** piety under Okawaru
  5832 | D:5      | Reached skill level 7 in Shields
  6107 | D:4      | Killed Gargoyl's ghost
  6114 | D:4      | Gained mutation: You can breathe flames. [potion of beneficial mutation]
  6131 | D:6      | Reached XP level 9. HP: 38/66 MP: 9/9
  6252 | D:6      | Noticed Kiel97's ghost (novice TeMo)
  6269 | D:6      | Killed Kiel97's ghost
  6269 | D:6      | Reached skill level 8 in Shields
  6537 | D:6      | Reached *** piety under Okawaru
  6812 | D:6      | Got a steaming scale mail
  6853 | D:5      | Identified the +2 scale mail "Gegaot" {rC+} (You took it off a gnoll sergeant on level 6 of the Dungeon)
  6901 | D:6      | Noticed Eustachio
  6936 | D:6      | Killed Eustachio
  7032 | D:6      | Found a shadowy altar of Dithmenos.
  7320 | D:6      | Reached skill level 9 in Shields
  7487 | D:7      | Reached XP level 10. HP: 73/73 MP: 10/10
  7508 | D:7      | Gained mutation: You are resistant to hostile enchantments. [potion of beneficial mutation]
  8210 | D:8      | Reached skill level 10 in Shields
  8668 | D:8      | Found a shadowy altar of Dithmenos.
  8702 | D:8      | Noticed Erolcha
  8712 | D:8      | Killed Erolcha
  8712 | D:8      | Reached **** piety under Okawaru
  8712 | D:8      | Reached skill level 10 in Armour
  8739 | D:8      | Found a blossoming altar of Fedhas.
  8907 | D:8      | Reached XP level 11. HP: 40/78 MP: 11/11
  9009 | D:8      | Noticed a three-headed hydra
  9024 | D:8      | Killed a one-headed hydra
  9024 | D:8      | Received a gift from Okawaru
  9024 | D:8      | Reached skill level 11 in Shields
  9826 | D:9      | Reached ***** piety under Okawaru
  9962 | D:9      | Reached skill level 10 in Long Blades
 10441 | D:9      | Received a gift from Okawaru
 10451 | D:10     | Entered Level 10 of the Dungeon
 10577 | D:10     | Gained mutation: You are highly resistant to hostile enchantments. [mutagenic meat]
 10578 | D:10     | Gained mutation: You are partially covered in iridescent scales (AC +4). [mutagenic meat]
 10579 | D:10     | Gained mutation: You are weak. (Str -2) [mutagenic meat]
 10580 | D:10     | Gained mutation: Your flesh is heat resistant. [mutagenic meat]
 10654 | D:10     | Reached skill level 12 in Shields
 10698 | D:10     | Found a staircase to the Orcish Mines.
 10724 | Orc:1    | Entered Level 1 of the Orcish Mines
 11341 | Orc:2    | Reached XP level 12. HP: 78/84 MP: 12/12
 11828 | Orc:4    | Entered Level 4 of the Orcish Mines
 11954 | Orc:4    | Found a roughly hewn altar of Beogh.
 12020 | Orc:4    | Found a roughly hewn altar of Beogh.
 12021 | Orc:4    | Noticed an orc high priest
 12047 | Orc:4    | Received a gift from Okawaru
 12051 | Orc:4    | Found Tadaziemm's Gadget Boutique.
 12052 | Orc:4    | Noticed a soul eater
 12055 | Orc:4    | Killed an orc high priest
 12092 | Orc:4    | Found Qetuud's Book Boutique.
 12128 | Orc:4    | Found a roughly hewn altar of Beogh.
 12215 | Orc:4    | Found a staircase to the Elven Halls.
 12339 | Orc:4    | Reached skill level 13 in Shields
 12368 | Orc:4    | Found a roughly hewn altar of Beogh.
 12391 | Orc:4    | Found Buokorop's Magic Scroll Shop.
 12446 | Orc:4    | Found Xeyrphy's Magic Scroll Shoppe.
 12455 | Orc:4    | Noticed Rupert
 12472 | Orc:4    | Slain by Rupert

Action                   |  1- 3 |  4- 6 |  7- 9 | 10-12 || total
-------------------------+-------+-------+-------+-------++-------
Melee: Long sword        |   118 |   302 |   251 |   517 ||  1188
       Dagger            |       |       |   103 |       ||   103
       Unarmed           |       |       |    15 |       ||    15
       Falchion          |       |       |       |   201 ||   201
       Great sword       |       |       |       |   176 ||   176
Invok: Heroism           |       |       |     6 |    17 ||    23
 Abil: Breathe Fire      |       |       |     1 |       ||     1
       Dig               |       |       |       |     1 ||     1
  Use: Potion            |       |     1 |     1 |     1 ||     3
       Scroll            |       |    11 |     6 |    10 ||    27
 Stab: Sleeping          |       |       |       |     1 ||     1
  Eat: Chunk             |       |    11 |    12 |    27 ||    50
       Fruit             |       |       |       |     1 ||     1
       Bread ration      |       |       |       |     1 ||     1
